 Dungeon Crawl Stone Soup version 0.29-a0-121-g8efb068a30 (webtiles) character file.

Game seed: 15812662828665895230

10262 HoaS the Grappler (level 11, -3/94 HPs)
             Began as a Ghoul Gladiator on Jan 25, 2022.
             Was a Believer of Makhleb.
             Slain by Snorg (11 damage)
             ... on level 10 of the Dungeon on Feb 20, 2022.
             The game lasted 00:28:17 (11657 turns).

HoaS the Grappler (Ghoul Gladiator)                Turns: 11657, Time: 00:28:18

Health: -3/94      AC: 14    Str: 21    XL:     11   Next: 59%
Magic:  10/10      EV: 16    Int:  3    God:    Makhleb [**....]
Gold:   253        SH:  0    Dex: 18    Spells: 10/10 levels left

rFire   . . .      SeeInvis .     - Unarmed
rCold   + . .      Faith    .   (no shield)
rNeg    + + +      Spirit   .   q - +0 steam dragon scales
rPois   ∞          Reflect  .   b - +1 helmet
rElec   .          Harm     .   d - +0 cloak
rCorr   .          Rampage  .   (no gloves)
Will    +....                   (no boots)
Stlth   ++........              i - amulet "Buitok" {RegenMP Dex+6}
HPRegen 0.00/turn               f - ring of willpower
MPRegen 0.52/turn               v - +4 ring of protection

@: mighty, inhibited regen
A: claws 1, cold resistance 1, negative energy resistance 3, inhibited
regeneration, torment resistance 2
a: Renounce Religion, Minor Destruction


You were on level 10 of the Dungeon.
You worshipped Makhleb.
Makhleb was pleased with you.
You visited 1 branch of the dungeon, and saw 11 of its levels.
You also visited: Sewer.

You collected 685 gold pieces.
You spent 432 gold pieces at shops.

Inventory:

Missiles
 a - 2 boomerangs (quivered)
 j - a curare-tipped dart
 w - 6 poisoned darts
 G - 4 atropa-tipped darts
Armour
 b - a +1 helmet (worn)
 d - a +0 cloak (worn)
 h - a +3 chain mail of fire resistance
 q - +0 steam dragon scales (worn)
 y - a +0 plate armour
Jewellery
 f - a ring of willpower (left claw)
 i - the amulet "Buitok" (around neck) {RegenMP Dex+6}
   (You found it on level 2 of the Dungeon)

   [amulet of magic regeneration]

   It increases your rate of magic regeneration.
   Dex:       It affects your dexterity (+6).
 o - a ring of willpower
 p - a ring of see invisible
 v - a +4 ring of protection (right claw)
Wands
 g - a wand of digging (9)
 u - a wand of polymorph (10)
 B - a wand of acid (5)
 E - a wand of flame (13)
 F - a wand of iceblast (5)
Scrolls
 m - 7 scrolls of teleportation
 x - a scroll of blinking
Potions
 l - a potion of ambrosia
 n - a potion of mutation {unknown}
 r - a potion of flight {unknown}
 s - a potion of magic {unknown}
 t - a potion of lignification {unknown}
 z - a potion of attraction {unknown}
 A - 2 potions of curing


   Skills:
 + Level 8.1 Fighting
 - Level 1.7 Throwing
 + Level 7.1 Armour
 + Level 7.1 Dodging
 * Level 14.0 Unarmed Combat


You had 10 spell levels left.
You didn't know any spells.
Your spell library contained the following spells:

 Spells                   Type           Power      Damage    Failure   Level
 Magic Dart               Conj           0%         1d3       52%         1
 Call Imp                 Summ           0%         N/A       67%         2
 Searing Ray              Conj           0%         2d4       67%         2
 Mephitic Cloud           Conj/Pois/Air  0%         N/A       88%         3
 Fulminant Prism          Conj/Hex       0%         3d6       99%         4


Dungeon Overview and Level Annotations

Branches:
Dungeon (11/15)            Temple (0/1) D:7             Orc (0/2) D:10
  Sewer (visited)
   Lair: D:8-11

Altars:
Ashenzari
Cheibriados
Dithmenos
Fedhas
Makhleb
Ru
Sif Muna
Trog
Xom

Shops:
D:2 =

Annotations:
D:8 exclusion: orange crystal statue
D:10 Snorg


Innate Abilities, Weirdness & Mutations

You thrive by killing the living.
You are immune to poison.
You have sharp fingernails.
Your flesh is cold resistant. (rC+)
You are immune to negative energy. (rN+++)
You do not regenerate when monsters are visible.
You are immune to unholy pain and torment.


Message History

There is a stone staircase leading up here.
Snorg closely misses you. Snorg barely misses you. Snorg misses you.
You climb upwards.
There is a stone staircase leading down here.
You throw a throwing net. The throwing net barely misses Snorg.
Snorg bites you! Snorg closely misses you. Snorg claws you! Snorg bites you.
Snorg claws you! Snorg barely misses you.
You are too injured to fight recklessly!
You feel much better. Snorg bites you but does no damage.
Snorg closely misses you. Snorg claws you but does no damage.
You feel much better. Snorg barely misses you. Snorg claws you.
Snorg completely misses you. Snorg bites you but does no damage.
Snorg claws you but does no damage. Snorg closely misses you.
You feel very mighty all of a sudden. Snorg misses you. x2; Snorg claws you!
You claw Snorg! You claw Snorg!!
Snorg is moderately wounded.
Snorg bites you! Snorg claws you. Snorg claws you!
You claw Snorg!
Snorg is moderately wounded.
Snorg completely misses you. Snorg claws you!
* * * LOW HITPOINT WARNING * * *
Snorg claws you.
* * * LOW HITPOINT WARNING * * *
You mangle Snorg!!
Snorg is heavily wounded.
Snorg bites you.
* * * LOW HITPOINT WARNING * * *
Snorg claws you.
* * * LOW HITPOINT WARNING * * *
Snorg claws you.
* * * LOW HITPOINT WARNING * * *
You mangle Snorg!! Your claw misses Snorg.
Snorg is heavily wounded.
Snorg barely misses you. Snorg closely misses you.
Snorg claws you but does no damage.
You closely miss Snorg.
Snorg is heavily wounded.
Snorg bites you!
You die...

##..#.....#####'###########..#
.#..#.....#..........#.......#
.#..#.....#..........#.......#
.#..+.....#..........#.......#
#####.....#####.###########..#
...[..#+###..##'##..##...##..#
......#...................#..#
......#...................'..#
......#####..##.@##.###..##..#
..........#..##T.##.###..##..#
..........#...........#...#..#
######....#...........#...#..#
#....#....#.(.........#...#..#
.....#....#####..##..##..##..#
.....#......###..##########..#
#....#......#.............#..#
#....#......#.....[.......#..#


You could see Snorg (berserk).

Vanquished Creatures
  Josephine (D:10)
  Harold (D:7)
  A hydra (D:11)
  Erica (D:8)
  A two-headed ogre (D:8)
  A cyclops (D:8)
  Maggie (D:6)
  An efreet (D:8)
  Prince Ribbit (D:5)
  A meliai zombie (D:10)
  4 wraiths
  A shadow (D:11)
  A vampire (D:9)
  2 wyverns
  4 steam dragons
  Edmund (D:5)
  4 water moccasins
  Pargi (Sewer)
  A swamp drake (D:10)
  4 orc warriors
  2 black bears
  2 ogres
  An ice beast (D:5)
  3 centaurs
  A phantom (D:5)
  Blork the orc (D:5)
  A kobold brigand (D:7)
  2 bullfrogs
  A gnoll sergeant (D:8)
  A scorpion (D:5)
  8 killer bees
  8 wights
  4 howler monkeys
  A centaur zombie (D:10)
  2 centaur skeletons
  3 orc priests
  3 hounds
  4 bullfrog skeletons
  3 iguanas
  13 orc wizards
  A mummy (D:6)
  8 adders
  10 gnolls
  2 howler monkey skeletons (D:7)
  2 shadow imps
  3 white imps
  An ufetubus (D:5)
  2 adder skeletons
  A worm (D:2)
  4 dart slugs
  42 orcs
  11 endoplasms
  9 giant cockroaches
  6 goblins
  5 hobgoblins
  3 jackals (D:1)
  10 kobolds
  9 quokkas
  7 ball pythons
  12 bats
  3 frilled lizards
  A hobgoblin zombie (D:6)
  3 orc zombies (D:6)
  2 rats (D:1)
254 creatures vanquished.

Vanquished Creatures (others)
  An orc wizard (D:5)
1 creature vanquished.

Grand Total: 255 creatures vanquished

Notes
Turn   | Place    | Note
-------+----------+-------------------------------------------
     0 | D:1      | HoaS the Ghoul Gladiator began the quest for the Orb.
     0 | D:1      | Reached XP level 1. HP: 17/17 MP: 0/0
    78 | D:1      | Reached XP level 2. HP: 15/24 MP: 1/1
   339 | D:1      | Reached skill level 1 in Armour
   339 | D:1      | Reached skill level 4 in Unarmed Combat
   339 | D:1      | Reached XP level 3. HP: 26/29 MP: 2/2
  1260 | D:2      | Reached XP level 4. HP: 36/36 MP: 3/3
  1282 | D:2      | Identified the amulet "Buitok" {RegenMP Dex+6}
  1611 | D:2      | Found Lyethuck's Jewellery Shop.
  2007 | D:3      | Reached skill level 5 in Unarmed Combat
  2129 | D:3      | Reached XP level 5. HP: 41/41 MP: 4/4
  2207 | D:3      | You fall into a shaft and drop 2 floors!
  2207 | D:5      | Entered Level 5 of the Dungeon
  2230 | D:5      | Reached skill level 6 in Unarmed Combat
  2241 | D:5      | HP: 1/41 [orc wizard/magic dart (6)]
  2248 | D:5      | Reached XP level 6. HP: 16/48 MP: 5/5
  2323 | D:5      | Reached skill level 7 in Unarmed Combat
  2446 | D:5      | Reached skill level 8 in Unarmed Combat
  2446 | D:5      | Reached XP level 7. HP: 53/55 MP: 6/6
  2489 | D:4      | Found a shadowy altar of Dithmenos.
  2705 | D:3      | Found a faded altar of an unknown god.
  3029 | D:4      | Found a glowing drain.
  3044 | Sewer    | Entered a sewer
  3136 | Sewer    | Noticed Pargi
  3157 | Sewer    | Killed Pargi
  3323 | D:4      | Reached skill level 9 in Unarmed Combat
  3342 | D:4      | Found a bloodstained altar of Trog.
  3467 | D:4      | Found a burning altar of Makhleb.
  3475 | D:4      | Became a worshipper of Makhleb the Destroyer
  3849 | D:5      | Noticed Prince Ribbit
  3859 | D:5      | Killed Prince Ribbit
  3860 | D:5      | Reached XP level 8. HP: 44/62 MP: 7/7
  4016 | D:5      | Noticed Blork the orc
  4038 | D:5      | Killed Blork the orc
  4188 | D:5      | Found a sacrificial altar of Ru.
  4189 | D:5      | Found a blossoming altar of Fedhas.
  4375 | D:5      | Found a snail-covered altar of Cheibriados.
  4379 | D:5      | Upgraded the game from 0.28-a0-1638-g9123634e07 to
                  | 0.29-a0-121-g8efb068a30
  4481 | D:6      | Reached skill level 10 in Unarmed Combat
  4710 | D:6      | Reached * piety under Makhleb
  5320 | D:6      | Reached XP level 9. HP: 66/71 MP: 8/8
  5359 | D:6      | Noticed Edmund
  5541 | D:5      | Killed Edmund
  5984 | D:6      | Found a broken altar of Ashenzari.
  6181 | D:6      | Noticed Maggie
  6194 | D:6      | Killed Maggie
  6195 | D:6      | Reached skill level 5 in Fighting
  6195 | D:6      | Reached skill level 11 in Unarmed Combat
  6254 | D:7      | Found a shimmering altar of Xom.
  6287 | D:7      | Noticed Harold
  6307 | D:7      | Killed Harold
  6308 | D:7      | Reached skill level 5 in Armour
  6308 | D:7      | Reached skill level 5 in Dodging
  6548 | D:7      | Reached XP level 10. HP: 80/83 MP: 9/9
  6669 | D:7      | Found a staircase to the Ecumenical Temple.
  6927 | D:7      | Reached skill level 12 in Unarmed Combat
  7312 | D:8      | Noticed a cyclops
  7337 | D:8      | HP: 3/83 [cyclops (25)]
  7338 | D:8      | Killed a cyclops
  7810 | D:8      | Noticed an orange crystal statue
  8157 | D:8      | Noticed a two-headed ogre
  8170 | D:8      | Killed a two-headed ogre
  8185 | D:8      | Noticed Erica
  8207 | D:8      | Killed Erica
  8241 | D:8      | Found a shimmering blue altar of Sif Muna.
  8314 | D:8      | Reached skill level 13 in Unarmed Combat
  8945 | D:9      | Reached ** piety under Makhleb
  8950 | D:9      | Reached XP level 11. HP: 75/92 MP: 10/10
 10008 | D:2      | Bought a +4 ring of protection for 432 gold pieces
 10152 | D:10     | Entered Level 10 of the Dungeon
 10285 | D:10     | Found a staircase to the Orcish Mines.
 11305 | D:11     | Noticed Josephine
 11332 | D:10     | Killed Josephine
 11510 | D:11     | Noticed a seven-headed hydra
 11522 | D:11     | Killed a seven-headed hydra
 11523 | D:11     | Reached skill level 14 in Unarmed Combat
 11635 | D:11     | Noticed a cyclops
 11636 | D:11     | Noticed Snorg
 11657 | D:10     | Slain by Snorg

Illustrated notes

Levels and vault maps discovered:
D:1:      eino_arrival_water_cross, layout_basic, chequers_serial_rivers_room_b
D:2:      layout_basic, serial_shops, nicolae_shop_statue_plus,
          serial_corexii_hall, corexii_hall_statues_l,
          chequers_hall_statues_wall_a, chequers_hall_statues_y,
          chequers_hall_statues_corner_a, minmay_misc_feat_encased
D:3:      layout_basic, dilly_ecumenical_altar_fadedgnrine, glass_columns_a,
          minmay_bisected
D:4:      layout_rooms, nicolae_overflow_crystal_walls, grunt_dithmenos_smoke,
          makhleb_heckhound_becter, gup_sewer_entry_pipe
D:5:      layout_loops_ring, marbit_many_paths, nicolae_overflow_hidden_temple,
          uniq_prince_ribbit1, uniq_blork_the_orc
D:6:      cheibrodos_steamvent, layout_cave_pools, kennysheep_mini,
          minmay_mini_ossuary, uniq_edmund, uniq_maggie
D:7:      layout_loops_ring, xom_teletrap_fun, minmay_temple_entry_large_hall,
          bh_walls_and_bars, uniq_harold
D:8:      layout_gridville, mainiacjoe_overflow_six_doors_small,
          minmay_crystal_room, disabler_island, uniq_erica
D:9:      layout_basic, serial_curves, eino_curves_01, eino_curves_03
D:10:     layout_gridville, erik_orc_1
D:11:     minmay_clustersquares, layout_gridville, lair_entry_dummy,
          minmay_statue_crystal_thing, uniq_josephine, uniq_snorg

Skill      XL: |  1  2  3  4  5  6  7  8  9 10 11 |
---------------+----------------------------------+-----
Armour         | 1 2 3 4 5 6 7 |  7.1
Unarmed Combat | 4 5 6 8 9 10 11 13 14 | 14.0
Dodging        | 3 4 5 6 7 |  7.1
Fighting       | 4 5 7 8 |  8.1
Throwing       | |  1.7

Action                   |  1- 3 |  4- 6 |  7- 9 | 10-12 || total
-------------------------+-------+-------+-------+-------++-------
Melee: Unarmed           |   102 |   128 |   340 |   326 ||   896
       Punch             |     2 |     2 |    21 |    21 ||    46
Throw: Throwing net      |       |     1 |     4 |     7 ||    12
Evoke: Wand              |       |       |     3 |       ||     3
  Use: Scroll            |     3 |     2 |     8 |     5 ||    18
       Potion            |       |     1 |     1 |     5 ||     7
 Stab: Distracted        |     1 |       |       |       ||     1
       Held in net/web   |       |       |     2 |     4 ||     6
       Invisible         |       |       |       |     3 ||     3
       Confused          |       |       |       |     1 ||     1
Armor: Leather armour    |    17 |       |       |       ||    17
       Scale mail        |    17 |    51 |    77 |       ||   145
       Chain mail        |       |       |    73 |    92 ||   165
       Steam dragon scal |       |       |       |    67 ||    67
Dodge: Dodged            |    53 |    46 |   187 |   250 ||   536

Table legend: (Time is in decaauts)
 A = Elapsed time spent in this place.
 B = Non-inter-level travel time spent in this place.
 C = Inter-level travel time spent in this place.
 D = Time resting spent in this place.
 E = Time spent auto-exploring this place.
 F = Levels seen in this place.
 G = Mean time per level.
                   A        B        C        D        E       F      G
               +--------+--------+--------+--------+--------+-----+--------+
         Total |  11535 |  10982 |    553 |   3163 |   5498 |  12 |  961.2 |
       Dungeon |  11300 |  10747 |    553 |   3052 |   5446 |  11 | 1027.3 |
         Sewer |    234 |    234 |      0 |    111 |     52 |   1 |  234.0 |
               +--------+--------+--------+--------+--------+-----+--------+

Top non-repeatable levels by time:
     D:8: 1653 daAuts
     D:5: 1507 daAuts
     D:6: 1383 daAuts
    D:10: 1278 daAuts
     D:2: 1082 daAuts
     D:9: 1075 daAuts
     D:7: 1025 daAuts
     D:1: 823 daAuts
     D:3: 700 daAuts
     D:4: 653 daAuts
   Sewer: 234 daAuts
    D:11: 118 daAuts
